[Event "Team 45 45 League T25"]
[Site "Internet Chess Club"]
[Date "2005.01.06"]
[Round "4"]
[White "DynamoKyiv"]
[Black "Gardener"]
[Result "0-1"]
[WhiteElo "1376"]
[BlackElo "1636"]
[TimeControl "2700+45"]

1. e4 e6 2. d4 d5 3. Nc3 dxe4 4. Nxe4 Be7 5. Nf3 Nf6 6. Bd3 Nc6 7. c3 b6 8. O-O
Bb7 9. Bf4 Bd6 10. Nxd6+ cxd6 11. Re1 Ne7 12. Qa4+ Bc6 13. Bb5 Qd7 14. Bxc6 Nxc6
15. Rad1 Nd5 16. Bg3 Nce7 17. Qxd7+ Kxd7 18. Ng5 Raf8 19. Ne4 Nf5 20. Kf1 h5 21.
h3 Nxg3+ 22. Nxg3 Nf6 23. Re2 g5 24. Ne4 Nxe4 25. Rxe4 f5 26. Re2 f4 27. Rde1
Rf6 28. f3 Rg8 29. Rf2 g4 30. h4 gxf3 31. Rxf3 Rg4 32. Rh3 Rg3 33. Rh2 f3 34.
gxf3 Rgxf3+ 35. Kg1 Rg6+ 36. Kh1 Rf4 37. Rg1 Rfg4 38. Rgg2 Kc6 39. c4 b5 40. b3
bxc4 41. bxc4 d5 42. c5 e5 43. dxe5 Kxc5 44. Rxg4 Rxg4 45. Rc2+ Kd4 46. e6 Rxh4+
47. Rh2 Re4 48. Rd2+ Kc5 49. Rc2+ Kd6 50. Rc8 Rxe6 51. Ra8 Re7 52. Rh8 Re2 53.
Rh6+ Kc5 54. Rxh5 Rxa2 55. Kg1 Kc4 56. Kf1 d4 57. Ke1 a5 58. Kd1 d3 59. Rh3 Kc3
60. Kc1 Ra1# {White checkmated} 0-1

[Event "Team 45 45 League T25"]
[Site "Internet Chess Club"]
[Date "2005.01.08"]
[Round "4"]
[White "SilentIndian"]
[Black "gartman"]
[Result "1-0"]
[WhiteElo "1784"]
[BlackElo "1659"]
[TimeControl "2700+45"]

1. Nf3 Nf6 2. c4 e6 3. Nc3 Nc6 4. d4 Bb4 5. a3 Bxc3+ 6. bxc3 b6 7. Qc2 d6 8. e4
Na5 9. e5 dxe5 10. dxe5 Ng8 11. Bg5 Qd7 12. Rd1 {Black resigns} 1-0

[Event "Team 45 45 League T25"]
[Site "Internet Chess Club"]
[Date "2005.01.06"]
[Round "4"]
[White "PostMike"]
[Black "maclem279"]
[Result "0-1"]
[WhiteElo "1625"]
[BlackElo "1578"]
[TimeControl "2700+45"]

1. e4 e6 2. d4 d5 3. e5 c5 4. c3 Nc6 5. Nf3 Qb6 6. a3 Nh6 7. b4 cxd4 8. cxd4 Nf5
9. Bb2 Bd7 10. g4 Nh6 11. h3 f6 12. Nc3 fxe5 13. dxe5 Be7 14. Bd3 O-O 15. Na4
Qd8 16. Nc5 Bxc5 17. bxc5 Qa5+ 18. Nd2 Qxc5 19. O-O Nf7 20. Nf3 Qe7 21. Qe2 Ng5
22. Nxg5 Qxg5 23. f4 Rxf4 24. Rxf4 Qxf4 25. Rf1 Qg3+ 26. Kh1 Qxh3+ 27. Kg1 Qg3+
28. Kh1 Rf8 29. Rxf8+ Kxf8 30. Bxh7 Qh4+ 31. Qh2 Qxh2+ 32. Kxh2 Kf7 33. Kg3 g6
34. Bxg6+ {White resigns} 0-1

[Event "Team 45 45 League T25"]
[Site "Internet Chess Club"]
[Date "2005.01.09"]
[Round "4"]
[White "pumba"]
[Black "Eatfatty"]
[Result "1/2-1/2"]
[WhiteElo "1405"]
[BlackElo "1534"]
[TimeControl "2700+45"]

1. e4 e5 2. Nf3 Nc6 3. Bb5 Nf6 4. O-O Nxe4 5. Re1 Nd6 6. Bxc6 dxc6 7. Nxe5 Be7
8. d3 O-O 9. Nc3 Be6 10. Bf4 Nf5 11. Nf3 Bf6 12. Qd2 c5 13. Nb5 c6 14. Nc7 Rc8
15. Rxe6 Rxc7 16. Bxc7 Qxc7 17. Rxf6 gxf6 18. Qc3 Qd6 19. Re1 Nd4 20. Nd2 b6 21.
Ne4 Qd8 22. Re3 Kh8 23. Qd2 f5 24. Nc3 Re8 25. Rxe8+ Qxe8 26. Kf1 Qe5 27. Qg5
Nxc2 28. Qd8+ Kg7 29. Qg5+ Kf8 30. Qd8+ Qe8 31. Qd6+ Qe7 32. Qb8+ Kg7 33. Qg3+
Kf8 34. Qb8+ Qe8 35. Qd6+ Kg8 36. Qg3+ Kh8 37. f3 Nb4 38. Qh4 Nxd3 39. Qf6+ Kg8
40. Qg5+ Kf8 41. Qh6+ Kg8 42. Qg5+ Kh8 43. Qf6+ Kg8 44. Qg5+ {Game drawn by
repetition} 1/2-1/2

[Event "Team 45 45 League T25"]
[Site "Internet Chess Club"]
[Date "2005.01.09"]
[Round "4"]
[White "chesskix"]
[Black "Gomer"]
[Result "0-1"]
[WhiteElo "1505"]
[BlackElo "1412"]
[TimeControl "2700+45"]

1. d4 Nf6 2. c4 e6 3. Nc3 d5 4. Nf3 Nc6 5. Bg5 Be7 6. e3 O-O 7. cxd5 exd5 8. Be2
Ne4 9. Bxe7 Qxe7 10. Nxd5 Qd6 11. Qb3 Be6 12. Bc4 Na5 13. Qb5 Nxc4 14. Qxc4 Bxd5
15. Qa4 Bc6 16. Qb3 a5 17. O-O b5 18. Ne5 Nd2 {White resigns} 0-1

[Event "Team 45 45 League T25"]
[Site "Internet Chess Club"]
[Date "2005.01.08"]
[Round "4"]
[White "AMAV"]
[Black "Vombat"]
[Result "0-1"]
[WhiteElo "2031"]
[BlackElo "2173"]
[TimeControl "2700+45"]

1. e4 e6 2. d4 d5 3. Nd2 Nf6 4. e5 Nfd7 5. Bd3 c5 6. c3 Nc6 7. Ne2 cxd4 8. cxd4
f6 9. exf6 Nxf6 10. Nf3 Bd6 11. O-O Qc7 12. Bg5 Bd7 13. Bh4 Nb4 14. Rc1 Qa5 15.
Qd2 b6 16. Bb1 Ne4 17. Qe3 Nxa2 18. Rcd1 Rc8 19. Bxe4 dxe4 20. Qxe4 Qf5 21. Qb7
Qd5 22. Qxa7 Ra8 23. Qxb6 Rb8 24. Qa7 O-O 25. Bg3 Rb7 26. Qa6 Bxg3 27. Nxg3 Bb5
28. Qa3 Bxf1 29. Rxf1 Rb5 30. Re1 Ra8 31. Qe3 Rxb2 32. Ne5 Rb4 33. Nh5 Rb7 34.
Nf4 Qb3 35. Qe2 Nc3 36. Qg4 Ra1 37. Nfd3 Rxe1+ 38. Nxe1 Qd5 39. h3 Rb1 40. Nd3
Qe4 41. Qxe4 Nxe4 42. f3 Nc3 43. Kf2 Nd5 44. Nc5 Rb2+ 45. Kg3 Kf7 46. f4 Ne3 47.
Ned3 Nf5+ 48. Kf3 Rc2 49. g4 Nxd4+ 50. Ke4 Ne2 51. Ne5+ Ke7 52. Ncd3 Nc3+ 53.
Kf3 Kd6 54. Nc4+ Ke7 55. Nce5 Kf6 56. h4 g6 57. g5+ Ke7 58. Nf2 Ne2 59. Ne4 Nd4+
60. Kg4 Nf5 61. Nf6 Rc3 62. Nxh7 Rg3# {White checkmated} 0-1

[Event "Team 45 45 League T25"]
[Site "Internet Chess Club"]
[Date "2005.01.08"]
[Round "4"]
[White "DavidBarnsley"]
[Black "bobhill"]
[Result "0-1"]
[WhiteElo "1948"]
[BlackElo "2084"]
[TimeControl "2700+45"]

1. d4 d5 2. e4 dxe4 3. Nc3 Nf6 4. f3 exf3 5. Nxf3 c6 6. Bc4 e6 7. O-O Bd6 8. Qe1
O-O 9. Bg5 Nbd7 10. Qh4 Qa5 11. Bd3 h6 12. Bd2 Qh5 13. Qe1 e5 14. Nh4 exd4 15.
Rf5 g5 16. Ne4 Nxe4 17. Qxe4 Qxh4 18. Qxh4 gxh4 19. Bxh6 f6 20. Bc4+ Kh7 21.
Bxf8 Bxf8 22. Rh5+ Kg6 23. Rxh4 Ne5 24. Be2 Be6 25. Kh1 c5 26. Bf3 Nxf3 27. gxf3
Bd5 28. Rg1+ Kf7 29. Rh7+ Ke6 30. Re1+ Kd6 31. Kg2 Kc6 32. h4 Bd6 33. Rg7 Rh8
34. Rh1 Rh5 35. b3 Kb5 36. Kf2 Kb4 37. Rd7 Bf4 38. Rd1 Bc6 39. Rf7 f5 40. Rd3
Ka3 41. c3 Be3+ 42. Kg3 Kxa2 43. cxd4 cxd4 44. b4 a6 45. f4 Be4 46. Rd1 Rh8
{White resigns} 0-1

[Event "Team 45 45 League T25"]
[Site "Internet Chess Club"]
[Date "2005.01.08"]
[Round "4"]
[White "Beetlejuice"]
[Black "Chief-Justice"]
[Result "1-0"]
[WhiteElo "1923"]
[BlackElo "1898"]
[TimeControl "2700+45"]

1. d4 d5 2. Nf3 Nf6 3. e3 e6 4. Bd3 c5 5. c3 b6 6. Nbd2 Nbd7 7. O-O Bd6 8. Qe2
Bb7 9. e4 dxe4 10. Nxe4 Nxe4 11. Bxe4 Qc7 12. Bxb7 Qxb7 13. Bg5 O-O 14. Rad1
Rfe8 15. Bh4 Nf8 16. Bg3 Bxg3 17. hxg3 cxd4 18. Rxd4 Rad8 19. Rfd1 Qe7 20. Ne5
Rxd4 21. Rxd4 Rd8 22. Nc6 {Black resigns} 1-0

[Event "Team 45 45 League T25"]
[Site "Internet Chess Club"]
[Date "2005.01.08"]
[Round "4"]
[White "forquesato"]
[Black "camembert"]
[Result "1/2-1/2"]
[WhiteElo "1775"]
[BlackElo "1915"]
[TimeControl "2700+45"]

1. e4 e5 2. Nf3 Nc6 3. d4 exd4 4. Nxd4 Bc5 5. Be3 Qf6 6. c3 Nge7 7. Bc4 Ne5 8.
Be2 d5 9. Nd2 O-O 10. O-O Qg6 11. Bf4 Bd6 12. exd5 Nxd5 13. Bxe5 Bxe5 14. Bf3
Nf4 15. Ne4 Qb6 16. Nb3 Bf5 17. Ng3 Be6 18. Re1 Bd6 19. Qc2 Nd5 20. Qe4 c6 21.
Nf5 Nf6 22. Qc2 Bc7 23. Rad1 Rad8 24. Rxd8 Rxd8 25. Rd1 Rxd1+ 26. Bxd1 Qb5 27.
Nfd4 Qe5 28. Nf3 Qd6 29. Qd2 c5 30. Qxd6 Bxd6 31. Kf1 b6 32. h3 Bf4 33. Ke1 Nd7
34. Nfd2 Kf8 35. Be2 Ke7 36. Bc4 Bf5 37. Nc1 Ne5 38. Bd5 Kd6 39. c4 Be6 40. Bxe6
Kxe6 41. b3 a6 42. Ke2 b5 43. Nd3 Nxd3 44. Kxd3 f5 45. g4 g6 46. gxf5+ gxf5 47.
Nf3 h6 48. Ke2 {Game drawn by mutual agreement} 1/2-1/2

[Event "Team 45 45 League T25"]
[Site "Internet Chess Club"]
[Date "2005.01.09"]
[Round "4"]
[White "A-Ru"]
[Black "Anechka"]
[Result "0-1"]
[WhiteElo "1952"]
[BlackElo "2185"]
[TimeControl "2700+45"]

1. d4 Nf6 2. Nf3 g6 3. Nc3 d6 4. e4 Bg7 5. Be3 O-O 6. Qd2 Ng4 7. Bg5 Nd7 8. h3
Ngf6 9. O-O-O c6 10. e5 Ne8 11. Bh6 Qa5 12. Bxg7 Nxg7 13. Re1 b5 14. Kb1 Nb6 15.
g4 b4 16. Nd1 Be6 17. b3 Bd5 18. Be2 Rfb8 19. Nb2 Qa3 20. Qh6 Ne6 21. h4 Bxf3
22. Bxf3 Nd5 23. Bxd5 cxd5 24. exd6 Qa6 25. h5 gxh5 26. dxe7 Nc7 27. Qxh5 Qg6
28. Qe5 Nb5 29. Rh5 Na3+ 30. Ka1 Nxc2+ 31. Kb1 Na3+ 32. Ka1 Qb1+ {White resigns}
0-1

[Event "Team 45 45 League T25"]
[Site "Internet Chess Club"]
[Date "2005.01.06"]
[Round "4"]
[White "Catalog"]
[Black "Scotty2Cues"]
[Result "1-0"]
[WhiteElo "2135"]
[BlackElo "1887"]
[TimeControl "2700+45"]

1. d4 Nf6 2. c4 g6 3. Nc3 d5 4. Nf3 Bg7 5. Bg5 Ne4 6. cxd5 Nxg5 7. Nxg5 e6 8.
Nf3 exd5 9. b4 O-O 10. e3 a5 11. a3 axb4 12. axb4 Rxa1 13. Qxa1 Nc6 14. b5 Nb4
15. Qb2 Qe7 16. Be2 c5 17. bxc6 bxc6 18. O-O Be6 19. Rb1 Rb8 20. Qa3 Bf8 21. Ne5
c5 22. Bf1 cxd4 23. exd4 Qc7 24. Nb5 Qe7 25. h3 Nc6 26. Nxc6 Qxa3 27. Nxa3 Rc8
28. Na7 {Black resigns} 1-0

[Event "Team 45 45 League T25"]
[Site "Internet Chess Club"]
[Date "2005.01.10"]
[Round "4"]
[White "OxidisedLizard"]
[Black "DTK"]
[Result "0-1"]
[WhiteElo "1739"]
[BlackElo "1968"]
[TimeControl "2700+45"]

1. e4 c5 2. Nf3 d6 3. d4 cxd4 4. Nxd4 Nf6 5. Nc3 g6 6. Be3 Bg7 7. f3 Nc6 8. Qd2
O-O 9. Bc4 Bd7 10. O-O-O Rb8 11. h4 b5 12. Ndxb5 Ne5 13. Be2 Qa5 14. Nxa7 Rxb2
15. Kxb2 Nxe4 16. fxe4 Rb8+ 17. Nab5 Bxb5 18. Bxb5 Nc4+ 19. Kb3 Nxd2+ 20. Bxd2
Bxc3 21. Kc4 Qb4+ 22. Kd3 Qd4+ 23. Ke2 Qxe4+ 24. Kf2 Qf5+ 25. Ke3 Bxd2+ 26. Kxd2
Rxb5 {White resigns} 0-1

[Event "Team 45 45 League T25"]
[Site "Internet Chess Club"]
[Date "2005.01.06"]
[Round "4"]
[White "Rainbird"]
[Black "jongalt97"]
[Result "1/2-1/2"]
[WhiteElo "1642"]
[BlackElo "1781"]
[TimeControl "2700+45"]

1. Nf3 d5 2. c4 e6 3. g3 Nf6 4. Bg2 c5 5. O-O Be7 6. b3 b6 7. e3 Bb7 8. Bb2 O-O
9. Nc3 dxc4 10. bxc4 Nc6 11. Qe2 a6 12. Rfd1 Qc7 13. a3 Rad8 14. Rab1 Ba8 15. d3
Rb8 16. Ba1 Nd7 17. Ne4 f5 18. Neg5 Nd8 19. h4 h6 20. Nh3 Bf6 21. Nf4 Bxa1 22.
Rxa1 b5 23. d4 Be4 24. dxc5 Nxc5 25. cxb5 Rxb5 26. Nd4 Rb8 27. Rdc1 Qa7 28. Qc4
Ndb7 29. Nfxe6 Nxe6 30. Bxe4 fxe4 31. Nxe6 Rfc8 32. Qxc8+ Rxc8 33. Rxc8+ Kf7 34.
Nd4 Nd6 35. Rc6 Nb5 36. Rac1 Qa8 37. Nxb5 axb5 38. Rc7+ Ke6 39. R1c6+ Kd5 40.
Rc5+ Kd6 41. Rc3 Qa4 42. R7c6+ Kd7 43. Rc7+ Kd6 44. R3c6+ Kd5 45. Rc5+ Kd6 46.
R5c6+ {Game drawn by mutual agreement} 1/2-1/2

[Event "Team 45 45 League T25"]
[Site "Internet Chess Club"]
[Date "2005.01.06"]
[Round "4"]
[White "room-matt"]
[Black "DTK"]
[Result "0-1"]
[WhiteElo "1885"]
[BlackElo "1961"]
[TimeControl "2700+45"]

1. e4 c5 2. Nf3 d6 3. d4 cxd4 4. Nxd4 Nf6 5. Nc3 g6 6. Bc4 Bg7 7. h3 O-O 8. O-O
a6 9. Bb3 b5 10. Nd5 Bb7 11. Nxf6+ Bxf6 12. Bh6 Re8 13. Re1 Nd7 14. c3 Qb6 15.
Be3 Nc5 16. Bd5 Bxd5 17. exd5 Qb7 18. Qf3 Rac8 19. Nb3 Nd3 20. Re2 b4 21. Qe4
Nxb2 22. Rxb2 Bxc3 23. Bd4 Bxb2 24. Bxb2 e5 25. Rc1 Rxc1+ 26. Bxc1 f5 27. Qd3 e4
28. Qd4 Re5 29. Bb2 Qxd5 30. Qe3 Qd3 31. Bxe5 Qxe3 32. fxe3 dxe5 33. Kf2 Kf7 34.
Nc5 a5 35. Ke2 Ke7 36. g4 Kd6 37. Nb7+ Kc6 38. Nxa5+ Kb5 39. Nb3 Ka4 40. Kd2 Ka3
41. Nc1 Kb2 42. gxf5 gxf5 43. h4 h5 44. Nb3 Kxa2 45. Kc2 f4 46. exf4 exf4 47.
Nc5 e3 48. Kd3 b3 49. Na4 b2 50. Nc3+ Ka1 51. Ke2 b1=Q 52. Nxb1 Kxb1 53. Kf3 Kc2
54. Ke2 Kc3 {White resigns} 0-1

[Event "Team 45 45 League T25"]
[Site "Internet Chess Club"]
[Date "2005.01.10"]
[Round "4"]
[White "Irvin"]
[Black "chessateer"]
[Result "1-0"]
[WhiteElo "1793"]
[BlackElo "1840"]
[TimeControl "2700+45"]

1. e4 Nf6 2. e5 Nd5 3. d4 d6 4. Nf3 dxe5 5. Nxe5 g6 6. c4 Nb6 7. Be3 Bg7 8. Nc3
O-O 9. Be2 f6 10. Nd3 Nxc4 11. Qb3 {Black resigns} 1-0

[Event "Team 45 45 League T25"]
[Site "Internet Chess Club"]
[Date "2005.01.09"]
[Round "4"]
[White "rph"]
[Black "Budzo"]
[Result "1-0"]
[WhiteElo "1812"]
[BlackElo "1688"]
[TimeControl "2700+45"]

1. d4 d5 2. c4 c6 3. Nc3 Nf6 4. Nf3 e6 5. cxd5 cxd5 6. Bf4 Nc6 7. e3 Bd6 8. Bxd6
Qxd6 9. a3 a6 10. Bd3 O-O 11. Rc1 Bd7 12. O-O Rfc8 13. Bb1 Na5 14. Ne5 Nc4 15.
Nxc4 Rxc4 16. Bd3 Rc7 17. Qd2 Rac8 18. Rc2 Qb6 19. Rfc1 Qb3 20. Ne2 Rxc2 21.
Rxc2 Rxc2 22. Qxc2 Qxc2 23. Bxc2 a5 24. Nc3 Ne8 25. Kf1 Nd6 26. b3 Nb5 27. Nxb5
Bxb5+ 28. Ke1 h6 29. Kd2 Kf8 30. Kc3 Ke7 31. b4 axb4+ 32. Kxb4 Ba6 33. Kc5 Kd7
34. a4 Kc7 35. a5 Be2 36. f3 Bf1 37. g3 Be2 38. f4 Bf3 39. f5 Bg4 40. fxe6 fxe6
41. e4 dxe4 42. Bxe4 Bd1 43. d5 exd5 44. Kxd5 Bb3+ 45. Ke5 Bf7 46. Bd5 Bxd5 47.
Kxd5 Kd7 48. g4 g6 49. h4 Kc7 50. Ke6 Kc6 51. Kf6 Kb5 52. Kxg6 Kxa5 53. Kxh6 b5
54. g5 {Black resigns} 1-0

[Event "Team 45 45 League T25"]
[Site "Internet Chess Club"]
[Date "2005.01.07"]
[Round "4"]
[White "e4ia"]
[Black "sigma33"]
[Result "1/2-1/2"]
[WhiteElo "1565"]
[BlackElo "1510"]
[TimeControl "2700+45"]

1. c4 d5 2. cxd5 Qxd5 3. d4 c5 4. e3 cxd4 5. Qxd4 Nf6 6. Nc3 Qxd4 7. exd4 e6 8.
Bd3 Bd7 9. Nf3 Bc6 10. a3 Nbd7 11. Ke2 a6 12. Bf4 Be7 13. h3 Rc8 14. Rac1 O-O
15. Rhg1 Rfd8 16. Ne5 Nxe5 17. dxe5 Nd5 18. Bd2 Nxc3+ 19. Rxc3 Bd5 20. f3 Rc6
21. Rgc1 Rdc8 22. Rxc6 Rxc6 23. Rxc6 Bxc6 {Game drawn by mutual agreement}
1/2-1/2

[Event "Team 45 45 League T25"]
[Site "Internet Chess Club"]
[Date "2005.01.09"]
[Round "4"]
[White "doobedoo"]
[Black "steve"]
[Result "1-0"]
[WhiteElo "1827"]
[BlackElo "1955"]
[TimeControl "2700+45"]

1. e4 c5 2. Nf3 Nc6 3. d4 cxd4 4. Nxd4 Nf6 5. Nc3 e5 6. Ndb5 d6 7. Bg5 a6 8. Na3
b5 9. Nd5 Be7 10. Bxf6 Bxf6 11. c3 O-O 12. Nc2 Bg5 13. a4 bxa4 14. Rxa4 a5 15.
Bc4 Rb8 16. b3 Kh8 17. O-O f5 18. exf5 Bxf5 19. Nce3 Be6 20. Qd3 Qd7 21. Rd1 Qf7
22. Ra2 Qh5 23. Qe2 Qg6 24. f3 Rb7 25. Qd3 Qh6 26. Ng4 Bxg4 27. fxg4 Rbf7 28.
Qe4 Qh4 29. g3 Qh3 30. Rg2 Nd8 31. Nb6 Rf3 32. Nd7 Re3 33. Qd5 Re8 34. Rf1 Rxc3
35. Qxd6 Rc1 36. Rxc1 Bxc1 37. Re2 h5 38. Rxe5 Be3+ 39. Rxe3 Rxe3 40. Qf8+ Kh7
41. Bg8+ Kh8 42. Bf7+ Kh7 43. Qg8+ Kh6 44. Qh8+ {Black resigns} 1-0

[Event "Team 45 45 League T25"]
[Site "Internet Chess Club"]
[Date "2005.01.09"]
[Round "4"]
[White "JohnCohen"]
[Black "scampbell"]
[Result "0-1"]
[WhiteElo "1827"]
[BlackElo "1821"]
[TimeControl "2700+45"]

1. e4 c5 2. Nc3 d6 3. f4 g6 4. Nf3 Bg7 5. Bb5+ Nc6 6. O-O e6 7. d3 Ne7 8. Qe1
O-O 9. f5 exf5 10. Bxc6 Nxc6 11. Ng5 Nb4 12. Qg3 Nxc2 13. exf5 Nxa1 14. Nge4 Be5
15. Qg4 Kh8 16. Bg5 f6 17. Bh6 Rg8 18. Qh4 Bxf5 19. Rxa1 g5 20. Qh5 Qe8 21. Qf3
Qg6 {White resigns} 0-1

[Event "Team 45 45 League T25"]
[Site "Internet Chess Club"]
[Date "2005.01.09"]
[Round "4"]
[White "Pick"]
[Black "ears"]
[Result "0-1"]
[WhiteElo "1593"]
[BlackElo "1739"]
[TimeControl "2700+45"]

1. d4 d6 2. Nf3 g6 3. b3 Bg7 4. Bb2 Nf6 5. e3 O-O 6. Nbd2 Bg4 7. Be2 Nbd7 8. O-O
c5 9. c3 b6 10. Rc1 Rc8 11. h3 Bxf3 12. Bxf3 e6 13. Qe2 d5 14. e4 cxd4 15. cxd4
Nb8 16. e5 Nfd7 17. Rxc8 Qxc8 18. Rc1 Qb7 19. Ba3 Rc8 20. Rxc8+ Qxc8 21. Bd6 Qc3
22. Qe3 Qxe3 23. fxe3 Bf8 24. Bxf8 Kxf8 25. h4 h5 26. g4 hxg4 27. Bxg4 Kg7 28.
Nf3 Nc6 29. a3 Na5 30. Nd2 Nb8 31. b4 Nb7 32. e4 dxe4 33. Nxe4 Nc6 34. Nd6 Nxd6
35. exd6 Nxd4 36. d7 Nc6 37. Bf3 Nd8 38. b5 Kf8 39. h5 gxh5 40. Bxh5 Ke7 41. Kf2
Kxd7 42. Ke3 f5 43. Kf4 Kd6 44. Be8 Kd5 45. Bd7 Nf7 46. Be8 e5+ 47. Ke3 Nd6 48.
Bc6+ Kc5 49. Bd7 Kc4 50. Bxf5 Nxf5+ 51. Ke4 Nd4 52. a4 Nxb5 {White resigns} 0-1

[Event "Team 45 45 League T25"]
[Site "Internet Chess Club"]
[Date "2005.01.08"]
[Round "4"]
[White "clarnibass"]
[Black "Ciclamino"]
[Result "1-0"]
[WhiteElo "1724"]
[BlackElo "1628"]
[TimeControl "2700+45"]

1. e4 c6 2. d4 d5 3. exd5 cxd5 4. c4 Nf6 5. Nc3 Nc6 6. Bg5 Be6 7. a3 Ne4 8. Nxe4
dxe4 9. d5 Bf5 10. dxc6 Qxd1+ 11. Rxd1 bxc6 12. Be3 e6 13. Ne2 e5 14. Nc3 Bg4
15. Be2 Bxe2 16. Kxe2 f5 17. Na4 a5 18. Bc5 h5 19. Bxf8 Rxf8 20. Rd6 Rf6 21.
Rhd1 {Black resigns} 1-0

[Event "Team 45 45 League T25"]
[Site "Internet Chess Club"]
[Date "2005.01.10"]
[Round "4"]
[White "DeepHmmm"]
[Black "Zillmer"]
[Result "1/2-1/2"]
[WhiteElo "2270"]
[BlackElo "2155"]
[TimeControl "2700+45"]

1. e4 d6 2. d4 Nf6 3. Nc3 g6 4. Nf3 Bg7 5. Be2 O-O 6. O-O Bg4 7. Be3 Nc6 8. d5
Nb8 9. Qd2 c6 10. Rad1 Qa5 11. Rfe1 Rc8 12. h3 Bxf3 13. Bxf3 Nbd7 14. a3 Ne5 15.
Be2 cxd5 16. exd5 Nc4 17. Bxc4 Rxc4 18. Bh6 Qc7 19. Bxg7 Kxg7 20. Qe3 Kf8 21.
Rd4 Rxd4 22. Qxd4 a6 23. Ne4 Kg7 24. Nxf6 exf6 25. c3 Rc8 26. g3 Qc5 27. Qxc5
Rxc5 28. Rd1 h6 29. Rd4 b5 30. Kf1 f5 31. f4 Kf6 32. Ke2 g5 33. Kd3 h5 34. h4
gxh4 35. gxh4 Rc8 36. a4 Rg8 37. axb5 axb5 38. Kc2 Rg4 39. Kb3 Rxh4 40. Kb4 Rg4
41. Kxb5 h4 42. Kc6 h3 43. Rd3 Rh4 44. Rd1 Rxf4 45. Kxd6 h2 46. Rh1 Rf2 47. b4
Rc2 48. b5 Rxc3 49. Rxh2 Rb3 50. Kc6 Rc3+ 51. Kd7 Ke5 52. Rd2 Rb3 53. Kc6 Rc3+
54. Kb7 Kd6 55. b6 Rb3 56. Ka7 Ra3+ 57. Kb8 Rb3 58. b7 f4 59. Rd4 f3 60. Rf4
Kxd5 61. Rxf7 Ke4 62. Kc8 Ke3 63. b8=Q Rxb8+ 64. Kxb8 f2 65. Rxf2 Kxf2 {Game
drawn because neither player has mating material} 1/2-1/2

[Event "Team 45 45 League T25"]
[Site "Internet Chess Club"]
[Date "2005.01.09"]
[Round "4"]
[White "MissedMate"]
[Black "Squaredance"]
[Result "1/2-1/2"]
[WhiteElo "1951"]
[BlackElo "1946"]
[TimeControl "2700+45"]

1. d4 d5 2. Nf3 Nf6 3. Bf4 c5 4. e3 Nc6 5. c3 Bg4 6. Nbd2 e6 7. Qa4 Bxf3 8. Nxf3
a6 9. Ne5 Rc8 10. Nxc6 Rxc6 11. Bxa6 Nd7 12. Bxb7 Rb6 13. Rb1 Rxb7 14. O-O {Game
drawn by mutual agreement} 1/2-1/2

[Event "Team 45 45 League T25"]
[Site "Internet Chess Club"]
[Date "2005.01.08"]
[Round "4"]
[White "Neo-Myshkin"]
[Black "alastorx"]
[Result "1/2-1/2"]
[WhiteElo "1979"]
[BlackElo "1944"]
[TimeControl "2700+45"]

1. f4 e6 2. Nf3 d5 3. e3 c5 4. Bb5+ Bd7 5. Bxd7+ Nxd7 6. b3 Ngf6 7. Bb2 Be7 8.
O-O O-O 9. Qe1 Rc8 10. Qg3 c4 11. Nc3 cxb3 12. cxb3 Nc5 13. Ba3 Nce4 14. Bxe7
Nxg3 15. Bxd8 Nxf1 16. Bxf6 Nxd2 17. Bd4 Nxf3+ 18. gxf3 a6 19. a4 Rc6 20. Kf1
Rfc8 21. Ne2 Rc2 22. Ke1 f6 23. Kd1 Kf7 24. Rc1 Rxc1+ 25. Nxc1 Kg6 26. Nd3 Kf5
27. Kd2 Rc6 28. Nb4 Rc7 29. Bb2 Rd7 30. Nc2 e5 31. fxe5 fxe5 32. Kd3 e4+ 33. Ke2
exf3+ 34. Kxf3 g5 35. Nd4+ Kg6 36. h3 h5 37. Kg3 Rf7 38. Nf3 Kf5 39. Bd4 Rc7 40.
Ne5 Rc2 41. Nd3 Rc7 42. Nb4 Ke4 43. Na2 Kd3 44. Nb4+ Ke4 45. Kf2 Rf7+ 46. Kg2
Rf3 47. Na2 Rf5 48. Nc1 h4 49. a5 Rf7 50. Bb6 Rf8 51. b4 Rc8 52. Bc5 Rc7 53. Ne2
Kd3 54. Nd4 Rf7 55. Nf3 Ke2 56. Nd4+ Kd3 57. Nf3 Ke2 58. Ng1+ Ke1 59. Nf3+ Ke2
{Game drawn by repetition} 1/2-1/2

[Event "Team 45 45 League T25"]
[Site "Internet Chess Club"]
[Date "2005.01.06"]
[Round "4"]
[White "Sergio56"]
[Black "Nomad"]
[Result "0-1"]
[WhiteElo "1879"]
[BlackElo "1872"]
[TimeControl "2700+45"]

1. f4 g6 2. Nf3 Bg7 3. e3 d5 4. Nc3 Nf6 5. b3 O-O 6. Bb2 c5 7. Bd3 Nc6 8. O-O
Nb4 9. Qe2 Nxd3 10. Qxd3 Bf5 11. Qe2 Rc8 12. d3 Qc7 13. Ne5 a6 14. e4 dxe4 15.
dxe4 Be6 16. a4 c4 17. Nxc4 Bxc4 18. bxc4 Qb6+ {White resigns} 0-1

[Event "Team 45 45 League T25"]
[Site "Internet Chess Club"]
[Date "2005.01.09"]
[Round "4"]
[White "fileman"]
[Black "Arshanay"]
[Result "0-1"]
[WhiteElo "1936"]
[BlackElo "2337"]
[TimeControl "2700+45"]

1. e4 e6 2. d4 d5 3. Nc3 Nc6 4. exd5 exd5 5. Nf3 Bb4 6. Bb5 Ne7 7. O-O Bg4 8.
Qd3 O-O 9. Bxc6 bxc6 10. a3 Bd6 11. Bg5 f6 12. Bh4 Qd7 13. h3 Bf5 14. Qd2 Rab8
15. b3 Rfe8 16. Bg3 Bxg3 17. fxg3 Qd6 18. g4 Be4 19. Na4 Nc8 20. Nc5 Nb6 21.
Rae1 Nd7 22. Nxd7 Qxd7 23. b4 a5 24. c3 Ra8 25. Qf4 axb4 26. axb4 Qd6 27. Nd2
Bd3 28. Rxe8+ Rxe8 29. Qxd6 cxd6 30. Rc1 Re2 31. Nf3 Ra2 32. Rd1 Be4 33. Re1 Kf7
34. Re3 Ke7 35. Kh2 Kd7 36. Kg3 h6 37. h4 g5 38. hxg5 hxg5 39. Re1 Rc2 40. Rh1
Rxc3 41. Rh7+ Bxh7 {White resigns} 0-1

[Event "Team 45 45 League T25"]
[Site "Internet Chess Club"]
[Date "2005.01.08"]
[Round "4"]
[White "elnik"]
[Black "Ser-Enigma"]
[Result "1-0"]
[WhiteElo "1942"]
[BlackElo "2082"]
[TimeControl "2700+45"]

1. d4 d5 2. c4 c6 3. Nf3 Nf6 4. Nc3 e6 5. e3 Nbd7 6. Bd3 dxc4 7. Bxc4 b5 8. Bd3
Bb7 9. O-O b4 10. Na4 c5 11. dxc5 Qa5 12. Nd4 e5 13. c6 exd4 14. cxb7 Rb8 15.
exd4 Rxb7 16. Re1+ Be7 17. Bf4 Kf8 18. Rc1 Qd8 19. Ba6 Rb6 20. Rc8 Rxa6 21.
Rxd8+ Bxd8 22. Nc5 Rb6 23. Qa4 Nxc5 24. dxc5 Re6 25. Rxe6 fxe6 26. c6 Be7 27. c7
Kf7 28. Qa6 {Black resigns} 1-0

[Event "Team 45 45 League T25"]
[Site "Internet Chess Club"]
[Date "2005.01.09"]
[Round "4"]
[White "BillyNoMates"]
[Black "azbycx"]
[Result "0-1"]
[WhiteElo "1736"]
[BlackElo "1889"]
[TimeControl "2700+45"]

1. e4 c5 2. Nf3 d6 3. d4 cxd4 4. Nxd4 Nf6 5. Nc3 a6 6. Be2 e5 7. Nb3 Be7 8. Bg5
O-O 9. h4 h6 10. Be3 Be6 11. g4 d5 12. g5 Nxe4 13. Nxe4 dxe4 14. Qxd8 Rxd8 15.
gxh6 g6 16. Nc5 Bd5 17. O-O-O Bc6 18. Rxd8+ Bxd8 19. Rd1 Be7 20. h5 g5 21. Rg1
f6 22. Ne6 Nd7 23. Bg4 Kh7 24. Rd1 Nf8 25. Nxf8+ Rxf8 26. Bf5+ Kxh6 27. Bg6 f5
28. Bb6 g4 29. Bc7 Be8 30. Bxe5 Bxg6 31. hxg6 Kxg6 32. Rd7 Bg5+ 33. Kd1 Rd8 34.
Rxd8 Bxd8 35. Ke2 Bf6 36. Bf4 Bxb2 37. Bd2 b5 38. Be3 Kf6 39. Bd2 Ke5 40. Bh6
Kd5 {White resigns} 0-1

[Event "Team 45 45 League T25"]
[Site "Internet Chess Club"]
[Date "2005.01.09"]
[Round "4"]
[White "alexcolins"]
[Black "LoseOften"]
[Result "1-0"]
[WhiteElo "1847"]
[BlackElo "1795"]
[TimeControl "2700+45"]

1. d4 f5 2. Nf3 Nf6 3. Bg5 e6 4. Bxf6 Qxf6 5. Nbd2 Nc6 6. c3 b6 7. e4 Bb7 8. Bd3
fxe4 9. Nxe4 Qh6 10. Qe2 Be7 11. O-O O-O-O 12. Ba6 g5 13. Bxb7+ Kxb7 14. a4 Qg7
15. a5 g4 16. Ne5 Nxe5 17. dxe5 Qxe5 18. axb6 cxb6 19. Qa6+ Kc6 20. Qc4+ Kb7 21.
Rfe1 Ra8 22. Qa6+ Kc7 23. Rad1 d5 24. Nc5 Qf6 25. Qb7+ Kd6 26. Rxe6+ Qxe6 27.
Nxe6 Kxe6 28. Qxd5+ Kf6 29. Qc6+ Kf7 30. Re1 Rhe8 31. Qe6+ Kg7 32. Qxg4+ Kh8 33.
h4 Rad8 34. h5 Rd2 35. h6 Rg8 36. Qf4 Rxf2 37. Qxf2 Bc5 38. Re3 {Black resigns}
1-0